[Event "*** Titled Tuesday 3|2 Blitz"]
[Site "Chess.com"]
[Date "2016.05.03"]
[Round "2"]
[White "Wolverine_master"]
[Black "stuffings101"]
[Result "0-1"]
[WhiteElo "2017"]
[BlackElo "2111"]
[TimeControl "180+2"]
[EndTime "11:22:25 PDT"]
[Termination "stuffings101 won by checkmate"]

1. Nf3 Nf6 2. g3 g6 3. Bg2 Bg7 4. c4 d6 5. O-O O-O 6. Nc3 c6 7. d3 a6 8. a4 a5 9. Rb1 Na6 10. Bd2 Nd7 11. Ne1 Ndc5 12. Nc2 Nb3 13. Be3 e5 14. d4 Bf5 15. d5 Qc7 16. Bd2 h5 17.
e4 Bg4 18. f3 Bd7 19. Be3 f5 20. Na3 Nd4 21. Nc2 Nb3 22. Na3 Nac5 23. Bxc5 Nxc5 24.
b4 axb4 25. Rxb4 Qa5 26. Nc2 Rad8 27. Qd2 f4 28. dxc6 Bxc6 29. Nd5 Na6 30. Ne7+ Kh7 31.
Nxc6 bxc6 32. gxf4 exf4 33. Rfb1 c5 34. Qd5 Nxb4 35. Nxb4 Qxa4 36. Nc6 Rd7 37. Rb8 Rxb8 38. Nxb8 Bd4+ 39. Kf1 Qd1# 0-1

[Event "*** Titled Tuesday 3|2 Blitz"]
[Site "Chess.com"]
[Date "2016.05.03"]
[Round "2"]
[White "GM_Levan_Pantsulaia"]
[Black "Ginger_GM"]
[Result "0-1"]
[WhiteElo "2409"]
[BlackElo "2557"]
[TimeControl "180+2"]
[EndTime "11:22:31 PDT"]
[Termination "Ginger_GM won on time"]

1. Nf3 f5 2. d3 Nc6 3. c4 e5 4. Nc3 Nf6 5. g3 Bb4 6. Bg2 Bxc3+ 7. bxc3 O-O 8. c5 d5 9. cxd6 cxd6 10. O-O Kh8 11.
Ba3 Be6 12. Qa4 Rc8 13. Nd2 a6 14. Rfb1 Rc7 15. Nc4 b5 16. Qxa6 bxc4 17. Bxc6 cxd3 18.
exd3 e4 19. dxe4 fxe4 20. Rd1 Ng4 21. Rxd6 Qf6 22. Rf1 Rcf7 23. Rxe6 Qxe6 24. Bxf8 Rxf8 25. Bb7 Qf5 26. Qe2 Nf6 27. a4 h5 28. a5 Qxa5 29.
c4 Qb6 30. Bd5 Qd4 31. Rd1 Qe5 32. Kg2 Ng4 33. Rf1 e3 34. f4 Qc3 35. Rf3 Rb8 36. c5 Rb2 37. Qxb2 Qxb2+ 0-1

[Event "*** Titled Tuesday 3|2 Blitz"]
[Site "Chess.com"]
[Date "2016.05.03"]
[Round "2"]
[White "Gevorg_Harutjunyan"]
[Black "VSERGUEI"]
[Result "1-0"]
[WhiteElo "2590"]
[BlackElo "2444"]
[TimeControl "180+2"]
[EndTime "11:22:47 PDT"]
[Termination "Gevorg_Harutjunyan won by checkmate"]

1. e4 e6 2. d4 d5 3. Nc3 Nf6 4. e5 Nfd7 5. f4 c5 6. Nf3 Nc6 7. Be3 Be7 8. Qd2 O-O 9. Be2 b6 10. O-O Bb7 11. Rae1 Rc8 12. Nd1 cxd4 13. Nxd4 Nc5 14.
Nf2 Qc7 15. c3 Rfd8 16. Nb5 Qd7 17. Qc2 a6 18. Nd4 b5 19. a3 Nxd4 20. Bxd4 a5 21. Bg4 g6 22. Re3 b4 23. axb4 axb4 24. Be2 bxc3 25.
bxc3 Ne4 26. Ng4 h5 27. Nf6+ Nxf6 28. exf6 Bc5 29. Bxc5 Rxc5 30. Rg3 d4 31. Rxg6+ fxg6 32. Qxg6+ Kf8 33. Qh6+ Kg8 34. Qg6+ Kf8 35. Qh6+ Kg8 36. f5 exf5 37. Bxh5 Bd5 38. Rxf5 Qh7 39. f7+ Kh8 40.
Qf6+ Qg7 41. Qxd8+ Kh7 42. Bg6+ Qxg6 43. Rh5+ Qxh5 44.
Qg8+ Kh6 45. f8=Q# 1-0

[Event "*** Titled Tuesday 3|2 Blitz"]
[Site "Chess.com"]
[Date "2016.05.03"]
[Round "2"]
[White "Quinten94"]
[Black "alturas_pacificas"]
[Result "0-1"]
[WhiteElo "2246"]
[BlackElo "2163"]
[TimeControl "180+2"]
[EndTime "11:22:47 PDT"]
[Termination "alturas_pacificas won by resignation"]

1. e4 e5 2. Nf3 Nf6 3. Nc3 Nc6 4.
Bb5 Bb4 5. O-O d6 6. d4 Bxc3 7. bxc3 exd4 8. cxd4 O-O 9. Re1 h6 10. h3 Re8 11. e5 dxe5 12. dxe5 Qxd1 13. Rxd1 Ne4 14.
Be3 Nc3 15. Bxc6 bxc6 16. Rd2 Ba6 17. Rd7 Nd5 18. Bc5 Bc8 19. Rxd5 cxd5 20. Bd4 Bf5 21. c3 Be4 22. Nd2 Bg6 23. f4 a6 24. Kf2 Rac8 25.
Nb3 Bc2 26. Nc5 a5 27. Rc1 Be4 28. g4 Rb8 29. Ke3 Bg2 30. Kf2 Rb2+ 31. Kg3 Be4 32. a4 g5 33. Nxe4 dxe4 34. f5 Ra2 35. h4 Rxa4 36. hxg5 hxg5 37. Kf2 c5 38. Bxc5 Rxe5 39. Bd4 Rd5 40. Ke3 Ra2 41. Rb1 Kf8 42. Bf6 Ke8 43. Kxe4 Rdd2 44. Bxg5 Re2+ 45. Kf4 a4 46. Kf3 a3 47.
Rd1 f6 48. Bxf6 Red2 49. Re1+ Kd7 50. Re7+ Kd6 51. g5 Rf2+ 52. Kg4 Rg2+ 53. Kh5 Rae2 54. Kg6 Rxe7 0-1

[Event "*** Titled Tuesday 3|2 Blitz"]
[Site "Chess.com"]
[Date "2016.05.03"]
[Round "2"]
[White "oskariot"]
[Black "Dlugy"]
[Result "0-1"]
[WhiteElo "2426"]
[BlackElo "2578"]
[TimeControl "180+2"]
[EndTime "11:22:49 PDT"]
[Termination "Dlugy won by resignation"]

1. e4 c5 2. Nf3 d6 3. d4 cxd4 4.
Nxd4 Nf6 5. Nc3 Nc6 6. Nde2 e5 7. h3 h6 8. g3 Be6 9. Bg2 Be7 10. O-O O-O 11. a3 Rc8 12. f4 Qb6+ 13. Kh2 Rfd8 14. Nd5 Bxd5 15. exd5 Nd4 16. Nxd4 Qxd4 17. c3 Qxd1 18.
Rxd1 Nd7 19. Be3 a6 20. Rac1 exf4 21. gxf4 b5 22. a4 bxa4 23. Ra1 Rc4 24. Kg3 Rb8 25. Bf1 Rc7 26. Rd2 Rcb7 27. Rxa4 Rxb2 28. Rxb2 Rxb2 29. Rxa6 Nf6 30. Kf3 Nxd5 31. Bd4 Rb8 32. Bc4 Nxc3 33. Bxc3 Rc8 34. Bd3 Rxc3 35. Ra8+ Bf8 36. Ke4 g6 37. Kd4 Rc5 38. Bc4 Kg7 39. Ra7 Rf5 40. Ke4 Rf6 41.
Bd5 Rf5 42. Rb7 h5 43. Ra7 Kg8 44. Rb7 Bh6 45. Rd7 Rxf4+ 46. Kd3 Rf6 47. Ke4 Bf4 48. Rd8+ Kg7 49. Rd7 Be5 50. Rd8 Rf4+ 51. Kd3 Rd4+ 0-1

[Event "*** Titled Tuesday 3|2 Blitz"]
[Site "Chess.com"]
[Date "2016.05.03"]
[Round "2"]
[White "Rickstereo"]
[Black "cabalista"]
[Result "1-0"]
[WhiteElo "2193"]
[BlackElo "2348"]
[TimeControl "180+2"]
[EndTime "11:22:51 PDT"]
[Termination "Rickstereo won by resignation"]

1. c4 g6 2. g3 Bg7 3. Bg2 d6 4.
Nc3 e5 5. e4 Nf6 6. Nge2 O-O 7.
O-O c6 8. d3 a5 9. h3 Na6 10. Be3 Rb8 11. d4 Nd7 12. Rc1 exd4 13. Nxd4 Ndc5 14. Re1 Re8 15. Bf4 Nb4 16. Bf1 Nbd3 17.
Bxd3 Bxd4 18. Bf1 Qf6 19. Bg2 Ra8 20. Qd2 Ne6 21. Bxd6 Ng5 22. e5 Bxe5 23. Rxe5 Rxe5 24. f4 Re6 25. Bc5 Nxh3+ 26. Bxh3 Re8 27. Bg2 Bf5 28.
Qf2 Rad8 29. Bb6 Rd3 30. Bf1 Rd7 31. Be3 h5 32. Re1 Rde7 33. Bd4 Rxe1 34. Bxf6 Be4 35. Qxe1 Re6 36. Nxe4 h4 37. Qd2 Re8 38. Qd6 hxg3 39.
Ng5 Rf8 40. Be7 1-0

[Event "*** Titled Tuesday 3|2 Blitz"]
[Site "Chess.com"]
[Date "2016.05.03"]
[Round "2"]
[White "Izoria123"]
[Black "Kacparov"]
[Result "0-1"]
[WhiteElo "2613"]
[BlackElo "2572"]
[TimeControl "180+2"]
[EndTime "11:22:56 PDT"]
[Termination "Kacparov won by resignation"]

1. d4 g6 2. e4 Bg7 3. Nf3 d6 4. Bc4 c6 5. Bb3 Nf6 6. Qe2 O-O 7. O-O Bg4 8. Nbd2 Nbd7 9. h3 Bxf3 10. Nxf3 e5 11. dxe5 Nxe5 12. Nxe5 dxe5 13. c3 Qe7 14. Qf3 Nd7 15. Be3 Nc5 16. Bxc5 Qxc5 17. Rad1 Qe7 18.
Rd3 Rad8 19. Rfd1 Rxd3 20. Rxd3 Bf6 21. g4 Bg5 22. Kg2 Kg7 23. a4 Qc7 24. Bc4 Rd8 25.
Rxd8 Bxd8 26. b4 Bg5 27. a5 Qd7 28. Kf1 Bf4 29. Qe2 Kf6 30. b5 cxb5 31. Bxb5 Qc7 32.
Qd3 Qxa5 33. Bc4 Qc7 34. Kg2 Kg7 35. Qd5 a6 36. Bb3 Bc1 37. Bc4 Bb2 38. Qd3 b5 39. Bb3 Bxc3 40. Qd5 Bd4 41. Ba2 Qe7 42. Qb3 Qf6 43.
Qc2 Qf4 44. Bd5 a5 45. Bc6 b4 46. Ba4 h5 47. Qe2 hxg4 48. hxg4 Bxf2 49. Qxf2 Qxg4+ 50. Kh2 Qxe4 51. Qb6 Qf4+ 52. Kg2 Qg5+ 53. Kf2 Qd2+ 54. Kg1 Qc1+ 55. Kg2 Qb2+ 56. Kh1 Qa1+ 57. Kg2 Qxa4 0-1

[Event "*** Titled Tuesday 3|2 Blitz"]
[Site "Chess.com"]
[Date "2016.05.03"]
[Round "2"]
[White "pedromartinez91"]
[Black "APL2001"]
[Result "1-0"]
[WhiteElo "2342"]
[BlackElo "2161"]
[TimeControl "180+2"]
[EndTime "11:23:00 PDT"]
[Termination "pedromartinez91 won on time"]

1. c4 Nf6 2. Nc3 g6 3. g3 Bg7 4. Bg2 d6 5. d4 O-O 6. Nf3 Nc6 7. O-O Bf5 8. Nh4 Bd7 9. f4 e5 10. d5 Ne7 11. e4 Bg4 12. Qd3 Bd7 13. f5 Kh8 14. h3 gxf5 15. exf5 c6 16. g4 h6 17.
Be3 cxd5 18. cxd5 a6 19. Qd2 Neg8 20. Nf3 b5 21. a3 a5 22. g5 hxg5 23. Nxg5 b4 24.
Nce4 Nxe4 25. Bxe4 Nf6 26. Qf2 Kg8 27. Qh4 bxa3 28.
bxa3 Rb8 29. Ra2 Rb3 30. Rf3 Rxe3 31. Rxe3 Qb6 32. Re2 Rc8 33. Kh2 Rc1 34. Rg3 Kf8 35. Nh7+ Nxh7 36. Qxh7 Bf6 37. Bf3 Ke7 38. Bh5 Be8 39.
Rg8 Qb8 40. Reg2 e4 41. h4 Be5+ 42. Kh3 Rh1+ 43. Kg4 Qc8 44. Bxf7 1-0

[Event "*** Titled Tuesday 3|2 Blitz"]
[Site "Chess.com"]
[Date "2016.05.03"]
[Round "2"]
[White "saraswathii"]
[Black "FearNoEvil12"]
[Result "1-0"]
[WhiteElo "1979"]
[BlackElo "1894"]
[TimeControl "180+2"]
[EndTime "11:23:01 PDT"]
[Termination "saraswathii won on time"]

1. e4 c5 2. d3 d6 3. Nf3 Nc6 4. g3 g6 5. Bg2 Bg7 6. O-O e6 7. c3 Nge7 8. Be3 O-O 9. d4 cxd4 10. cxd4 b6 11. Nc3 Bb7 12. a3 Rc8 13. Rc1 h6 14. Re1 Kh7 15. Qd2 Qd7 16. d5 Na5 17. dxe6 fxe6 18. Qd3 Nc4 19. Re2 Nxe3 20. Qxe3 Nc6 21. Rd2 Na5 22. Rdc2 d5 23. e5 Nb3 24. Rd1 Qc7 25.
Re2 d4 26. Nxd4 Nxd4 27. Rxd4 Bxg2 28. Kxg2 Rf5 29. f4 Rf7 30. Rd6 Qb7+ 31. Kg1 b5 32. Rxe6 Rd7 33. Rd2 Bf8 34. Qe4 Qxe4 35. Nxe4 Rxd2 36. Nxd2 Rc2 37. Ne4 Rxb2 38. Ra6 b4 39.
Rxa7+ Kh8 40. axb4 Bxb4 41. Kf1 Kg8 42. Nf6+ Kf8 43.
Nd7+ Ke8 44. e6 Rxh2 45. Nf6+ 1-0

[Event "*** Titled Tuesday 3|2 Blitz"]
[Site "Chess.com"]
[Date "2016.05.03"]
[Round "2"]
[White "Zhani-Z"]
[Black "arna"]
[Result "0-1"]
[WhiteElo "2150"]
[BlackElo "2137"]
[TimeControl "180+2"]
[EndTime "11:23:08 PDT"]
[Termination "arna won by checkmate"]

1. e4 e6 2. d4 d5 3. Nd2 Nf6 4. e5 Nfd7 5. Bd3 c5 6. c3 Nc6 7.
Ne2 cxd4 8. cxd4 f6 9. exf6 Qxf6 10. Nf3 h6 11. O-O Bd6 12. Ng3 O-O 13. Bc2 Rf7 14.
Re1 Nf8 15. Nh5 Qe7 16. Ne5 Nxe5 17. dxe5 Bc5 18. Be3 Bb4 19. Rf1 Bd7 20. f4 Rc8 21.
Bd3 Bc5 22. Bxc5 Qxc5+ 23. Kh1 Bb5 24. Ng3 Bxd3 25. Qxd3 Qc4 26. Qd2 Qc2 27. Qb4 b6 28. b3 Qc3 29. Qxc3 Rxc3 30. Ne2 Rc5 31. Nd4 g6 32. g3 Kg7 33. Rac1 Rfc7 34. Rcd1 a6 35. Rf2 Rc3 36. Rfd2 Kf7 37. Kg2 Ke7 38. Kf2 Nd7 39.
Ne2 Rc2 40. Nd4 R2c3 41. Ne2 Rc2 42. Nd4 Rxd2+ 43. Rxd2 Nc5 44. Ke3 Ne4 45. Re2 Rc3# 0-1

[Event "*** Titled Tuesday 3|2 Blitz"]
[Site "Chess.com"]
[Date "2016.05.03"]
[Round "2"]
[White "chess960now"]
[Black "DiamondCrusher22"]
[Result "1-0"]
[WhiteElo "1964"]
[BlackElo "1945"]
[TimeControl "180+2"]
[EndTime "11:23:12 PDT"]
[Termination "chess960now won by checkmate"]

1. d4 d5 2. c4 c6 3. Nf3 Nf6 4.
Nc3 dxc4 5. a4 e6 6. Ne5 c5 7.
e3 cxd4 8. exd4 Nbd7 9. Nxc4 Bb4 10. Be2 O-O 11. O-O a6 12. Bf4 Re8 13. Rc1 Nb6 14.
Ne5 Bd7 15. Bf3 Bxc3 16. Nxd7 Qxd7 17. Rxc3 Rac8 18. Rxc8 Rxc8 19. Qb3 Nfd5 20. Bg3 Nc4 21. Rc1 b5 22. axb5 axb5 23. h3 h6 24. Be2 Ndb6 25.
Qb4 Qxd4 26. b3 Nd5 27. Qxb5 Qd2 28. Rxc4 Rxc4 29. Qxc4 Nc3 30. Bf3 Qc1+ 31. Kh2 Qd2 32. Be5 Nd5 33. Bxd5 exd5 34. Qg4 g6 35. Qf4 Qd3 36. Qf6 Kf8 37. Bd6+ Kg8 38. Be5 Kf8 39. Qd6+ Ke8 40. Bf6 Qb5 41. Qd8# 1-0

[Event "*** Titled Tuesday 3|2 Blitz"]
[Site "Chess.com"]
[Date "2016.05.03"]
[Round "2"]
[White "psv98"]
[Black "Keranke"]
[Result "1-0"]
[WhiteElo "2480"]
[BlackElo "2597"]
[TimeControl "180+2"]
[EndTime "11:23:13 PDT"]
[Termination "psv98 won by resignation"]

1. e4 g6 2. d4 Bg7 3. Nf3 d6 4. Nc3 a6 5. a4 Nf6 6. Be2 O-O 7. O-O Bg4 8. h3 Bxf3 9. Bxf3 Nc6 10. d5 Ne5 11. Be2 c6 12. Be3 cxd5 13. exd5 Rc8 14. Bd4 Qa5 15. Ra3 Rfd8 16. Rb3 Nxd5 17.
Rxb7 Nxc3 18. Bxc3 Rxc3 19. bxc3 e6 20. Qb1 Nd7 21.
Qb4 Qe5 22. Bxa6 h5 23. Bd3 d5 24. a5 Bf8 25. Qd4 Qd6 26. Rfb1 Ra8 27. a6 Nc5 28. R7b6 Qc7 29. c4 Bg7 30. Qh4 d4 31. Qg3 e5 32. Qf3 Ra7 33. Rc6 Qe7 34. Rb8+ Bf8 35. Rcc8 Ne6 36. c5 Kg7 37. Bc4 Ng5 38. Qd5 Rd7 39.
Qc6 e4 40. Rxf8 e3 41. Rg8+ Kh6 42. Rh8+ Nh7 43. Qf3 Qxc5 44. Bd3 Rd6 45. Qxf7 exf2+ 46. Qxf2 Qg5 47. Rxh7+ Kxh7 48. Rb7+ 1-0

[Event "*** Titled Tuesday 3|2 Blitz"]
[Site "Chess.com"]
[Date "2016.05.03"]
[Round "2"]
[White "wonderfultime"]
[Black "SmoothAsAHedgehog"]
[Result "1/2-1/2"]
[WhiteElo "2606"]
[BlackElo "2533"]
[TimeControl "180+2"]
[EndTime "11:23:18 PDT"]
[Termination "Game drawn by agreement"]

1. d4 Nf6 2. c4 e6 3. Nf3 Bb4+ 4.
Nbd2 b6 5. a3 Bxd2+ 6. Qxd2 Bb7 7. e3 d6 8. Be2 Nbd7 9. O-O O-O 10.
b4 a5 11. Bb2 Qe7 12. Qc2 Be4 13. Qb3 e5 14. Rfc1 Rfb8 15. Nd2 Bg6 16. Bf3 e4 17. Be2 h5 18. Qc2 Re8 19. c5 axb4 20.
axb4 bxc5 21. dxc5 dxc5 22. bxc5 Ne5 23. Bd4 Nc6 24. Bb2 Nb4 25. Qc4 Nd3 26. Bxd3 exd3 27. c6 Ng4 28. Qd4 f6 29. h3 Ne5 30. Qd5+ Bf7 31.
Qe4 Bg6 32. Qf4 Rxa1 33. Bxa1 Ra8 34. Qd4 Kh7 35. f4 Nf7 36. e4 Rd8 37. Qe3 Nd6 38. e5 fxe5 39. Qxe5 Qxe5 40. Bxe5 Ne4 41. Rd1 Nxd2 42.
Rxd2 Rd5 43. Kf2 Rc5 44. Bxc7 Rxc6 45. Be5 h4 46. Ke3 Bf5 47. Ra2 Rc2 48. Rxc2 dxc2 49. Bb2 Kh6 50. Kf2 g5 51. fxg5+ Kxg5 52. g3 hxg3+ 53.
Kxg3 1/2-1/2

[Event "*** Titled Tuesday 3|2 Blitz"]
[Site "Chess.com"]
[Date "2016.05.03"]
[Round "2"]
[White "Elshan1985"]
[Black "armago"]
[Result "1-0"]
[WhiteElo "2571"]
[BlackElo "2220"]
[TimeControl "180+2"]
[EndTime "11:23:20 PDT"]
[Termination "Elshan1985 won by resignation"]

1. d4 Nf6 2. Nf3 g6 3. Bg5 Bg7 4. Nbd2 d5 5. e3 O-O 6. Bd3 Nbd7 7. O-O c5 8. c3 b6 9. a4 Bb7 10. Qb1 h6 11. Bh4 Re8 12. Bg3 Nh5 13. Be5 Nxe5 14. dxe5 Bf8 15. e6 f5 16. g4 fxg4 17. Bxg6 gxf3 18.
Bxh5 Bg7 19. Kh1 Rf8 20. Bf7+ Rxf7 21. exf7+ Kxf7 22. Rg1 Qd6 23. Rg3 d4 24. cxd4 cxd4 25. Qf5+ Bf6 26. e4 Rf8 27. Qh5+ Ke6 28. Re1 Qe5 29.
Qh3+ Kf7 30. Qxh6 Rh8 31. Qg6+ Kf8 32. Nxf3 Qf4 33. Qg4 Qh6 34. h3 d3 35. Rd1 d2 36.
Rxd2 Qh7 37. Qe6 Ke8 38. Re2 Kd8 39. Kg2 Kc7 40. Qc4+ Kb8 41. Rc2 Bh4 42. Rg4 Bf6 43. Qc7+ Ka8 44. h4 Rg8 45. Qg3 Rh8 46. e5 Bxh4 47.
Rxh4 Qxh4 48. Qxh4 Rxh4 49. Kg3 Rh8 50. Ng5 Rg8 51. f4 Kb8 52. Rd2 Bc8 53. Kf3 Kc7 54. Ke4 a5 55. Rc2+ Kd8 56. e6 Bb7+ 57. Ke5 Rh8 58. Nf7+ 1-0

[Event "*** Titled Tuesday 3|2 Blitz"]
[Site "Chess.com"]
[Date "2016.05.03"]
[Round "2"]
[White "GMG"]
[Black "dretch"]
[Result "1-0"]
[WhiteElo "2447"]
[BlackElo "2562"]
[TimeControl "180+2"]
[EndTime "11:23:22 PDT"]
[Termination "GMG won by resignation"]

1. d4 d5 2. Bg5 h6 3. Bh4 c6 4. e3 Qb6 5. b3 e5 6. Nf3 Bg4 7. Be2 Nd7 8. O-O e4 9. Nfd2 Bxe2 10.
Qxe2 Be7 11. Bg3 Ngf6 12. c4 O-O 13. Nc3 Qa5 14. Rfc1 Bb4 15. Ndb1 dxc4 16. bxc4 Rfe8 17. a3 Bf8 18. Qc2 c5 19. d5 a6 20. Nd2 b5 21.
Ncxe4 Rac8 22. Nc3 Qd8 23. cxb5 axb5 24. Nxb5 Nxd5 25.
Nc4 Re6 26. Rd1 N5f6 27. a4 Qe7 28. Bd6 Qd8 29. Bg3 Ra6 30. a5 Rcc6 31. h3 Qc8 32.
Qf5 Re6 33. Qd3 Rec6 34. Nc3 Qa8 35. e4 Nb8 36. e5 Ne8 37. Nd5 Qa7 38. Ndb6 Qb7 39. Rab1 Qa7 40. Qe4 Nc7 41. Rd8 Ne6 42. Rxb8 Qxb8 43. Qxc6 Nd4 44. Qc8 Qa7 45. e6 fxe6 46.
Be5 Nf5 47. Qxe6+ Qf7 48. Qxf7+ Kxf7 49. Rd1 Be7 50. g4 Nh4 51. Rd3 g5 52. Bd6 Bf6 53. Bxc5 Ng6 54. Rd7+ Ke6 55. Rd6+ Kf7 56. Nd7 Rxd6 57.
Nxd6+ Ke6 58. Nxf6 Kxf6 59. a6 1-0

[Event "*** Titled Tuesday 3|2 Blitz"]
[Site "Chess.com"]
[Date "2016.05.03"]
[Round "2"]
[White "ZivkovicN"]
[Black "Bentery"]
[Result "1-0"]
[WhiteElo "2387"]
[BlackElo "2362"]
[TimeControl "180+2"]
[EndTime "11:23:30 PDT"]
[Termination "ZivkovicN won by resignation"]

1. e4 e6 2. d3 c5 3. Nd2 Nc6 4.
Ngf3 g6 5. Be2 Bg7 6. O-O d6 7. c3 Nge7 8. Re1 O-O 9. Nf1 e5 10. a3 h6 11. b4 Be6 12. Bb2 f5 13. N1d2 Qd7 14. Bf1 f4 15. h3 g5 16. Nh2 Ng6 17.
Be2 Nh4 18. Bg4 Kh8 19. Bxe6 Qxe6 20. Qg4 Qf7 21. Ndf3 Nxf3+ 22. Nxf3 Bf6 23. Nh2 h5 24. Qd1 Rg8 25. f3 b6 26. b5 Ne7 27. d4 cxd4 28. cxd4 Ng6 29. Rc1 Rac8 30. Rc6 Rxc6 31. bxc6 exd4 32.
Bxd4 Rc8 33. Bxf6+ Qxf6 34. Qd5 Ne7 35. Qb5 Rxc6 36. e5 dxe5 37. Rxe5 Rc1+ 38. Nf1 Nc6 39. Rxg5 Rc5 40. Rxh5+ Kg7 41. Rxc5 Qd4+ 42. Kh2 Qxc5 43. Qxc5 bxc5 44. g3 c4 45. Nd2 c3 46. Nb3 c2 47.
gxf4 Nd4 48. Nc1 Kf6 49. Kg3 Kf5 50. h4 Ne2+ 51. Kf2 Nxf4 52. Kg3 Ke5 53. Kg4 Ne6 54. h5 Kd4 55. Kf5 Nf8 56. f4 Ke3 57. h6 Kd2 58. Na2 Kd3 59. Kf6 Ke4 60. f5 Kf4 61. Kg7 Kxf5 62. Kxf8 Kg6 63. Ke7 Kxh6 64. Kd6 Kg6 65.
Kc5 Kf5 66. Kc4 Ke4 67. Kc3 Kd5 68. Kxc2 Kc4 69. Kb2 a5 70. Nc3 1-0

[Event "*** Titled Tuesday 3|2 Blitz"]
[Site "Chess.com"]
[Date "2016.05.03"]
[Round "2"]
[White "GeorgMeier"]
[Black "Aygehovit1992"]
[Result "1-0"]
[WhiteElo "2754"]
[BlackElo "2508"]
[TimeControl "180+2"]
[EndTime "11:23:31 PDT"]
[Termination "GeorgMeier won by resignation"]

1. Nf3 g6 2. g3 Bg7 3. d4 Nf6 4. Bg2 O-O 5. O-O d6 6. b3 a5 7. a4 Na6 8. Bb2 Bf5 9. Nbd2 Qc8 10. Re1 Bh3 11. e4 Bxg2 12. Kxg2 c6 13. Qe2 Nc7 14. Ba3 Re8 15. c4 Nd7 16. Rad1 Ne6 17. d5 Nec5 18.
Qe3 e6 19. dxe6 Rxe6 20. Nd4 Re8 21. f3 Qc7 22. h4 Rad8 23. Nb1 Ne5 24. Nc3 f5 25.
Bxc5 dxc5 26. Nde2 Rxd1 27. Rxd1 b6 28. exf5 Qf7 29.
fxg6 Nxg6 30. Ne4 Be5 31. h5 Nf8 32. Qg5+ Kh8 33. Rd8 Ba1 34. Nf4 Rxd8 35. Qxd8 Kg7 36. Qc8 Be5 37. Qg4+ Kh8 38. Nd3 Bd4 39. Ng5 Qf6 40.
Ne4 Qf7 41. h6 Ne6 42. Ng5 Nxg5 43. Qxg5 Bf6 44. Qf5 Kg8 45. Nf4 Be7 46. Qxf7+ Kxf7 47. Kh3 Kf6 48. Kg4 Ke5 49. Nh3 Kd4 50. Ng5 Kc3 51.
Nxh7 Kxb3 52. f4 Kxa4 53. f5 b5 54. f6 Bd6 55. Ng5 b4 56. h7 b3 57. Ne4 b2 58.
Nd2 1-0

[Event "*** Titled Tuesday 3|2 Blitz"]
[Site "Chess.com"]
[Date "2016.05.03"]
[Round "2"]
[White "pKiLz5Rn9b"]
[Black "Fh2411"]
[Result "1-0"]
[WhiteElo "2398"]
[BlackElo "2272"]
[TimeControl "180+2"]
[EndTime "11:23:46 PDT"]
[Termination "pKiLz5Rn9b won by resignation"]

1. e4 e5 2. Nf3 Nc6 3. Bc4 Bc5 4.
c3 Nf6 5. d3 O-O 6. O-O d6 7.
h3 a6 8. Nbd2 Ba7 9. Bb3 Be6 10.
Re1 Bxb3 11. axb3 h6 12. Nf1 Ne7 13. b4 Bb6 14. Ng3 Nh7 15. Qe2 f5 16. exf5 Nxf5 17.
Nxf5 Rxf5 18. Be3 Bxe3 19. fxe3 Rb8 20. Nd2 Qd7 21. Ne4 Rbf8 22. Rf1 Qe6 23. Rxf5 Rxf5 24.
Qg4 Nf8 25. Ng3 Rf7 26. Qxe6 Nxe6 27. Ra5 Kf8 28. b5 axb5 29. Rxb5 b6 30. d4 exd4 31. cxd4 Ke7 32. Nf5+ Kd7 33. g4 h5 34. Kg2 hxg4 35.
hxg4 Kc6 36. Rb3 d5 37. Rc3+ Kd7 38. b4 Ng5 39. b5 Ne4 40. Rc2 g6 41. Nh4 Rf6 42.
Nf3 Kc8 43. Ne5 Kb7 44. Nd3 Nd6 45. Nf4 Nxb5 46. Nxd5 Rf7 47. Nf4 g5 48. Ne6 Re7 49.
d5 Nd6 50. Kf3 Nf7 51. Ke4 Nd6+ 52. Ke5 b5 53. Kf6 Rf7+ 54. Kxg5 Kb6 55. Nd4 b4 56. Kg6 Re7 57. Ne6 Ka5 58. Kf6 Rf7+ 59. Kg6 b3 60. Rb2 Kb4 61. Nd4 Kc4 62. Rxb3 Kxd5 63. Nf5 Rd7 64.
Rd3+ Ke4 65. Rd4+ Ke5 66. g5 c5 67. Rxd6 Rxd6+ 68. Nxd6 Kxd6 69. Kf6 c4 70. g6 c3 71. g7 c2 72. g8=Q c1=Q 73. Qd8+ Kc5 74. Qc8+ Kb4 75. Qxc1 1-0

[Event "*** Titled Tuesday 3|2 Blitz"]
[Site "Chess.com"]
[Date "2016.05.03"]
[Round "2"]
[White "yurisolo"]
[Black "Schemato"]
[Result "1-0"]
[WhiteElo "2534"]
[BlackElo "2218"]
[TimeControl "180+2"]
[EndTime "11:23:46 PDT"]
[Termination "yurisolo won by resignation"]

1. e4 e6 2. d4 d5 3. Nc3 Nf6 4. e5 Nfd7 5. f4 c5 6. Nf3 Nc6 7. Be3 Be7 8. Qd2 O-O 9. Be2 b6 10. O-O f5 11. exf6 Nxf6 12. Bb5 Bd7 13. Bxc6 Bxc6 14.
Ne5 Rc8 15. Rad1 Bd6 16. h3 Bxe5 17. fxe5 cxd4 18. Qxd4 Ne4 19. Nxe4 dxe4 20. Qd6 Rxf1+ 21. Rxf1 Qe8 22. c4 Rd8 23. Qc7 Qd7 24. Qxd7 Rxd7 25. Rc1 Kf7 26. Kf2 Ke8 27. b4 Rd3 28. b5 Bb7 29. c5 bxc5 30. Rxc5 Kd7 31. a4 Ra3 32. Rc4 a6 33. b6 Bd5 34. Rc7+ Kd8 35. Bg5+ Ke8 36.
b7 Bxb7 37. Rxb7 h6 38. Be3 Rxa4 39. Rxg7 Ra2+ 40. Kg3 a5 41. Kf4 a4 42. g4 Rh2 43.
Ra7 Rxh3 44. Rxa4 h5 45. gxh5 Rxh5 46. Rxe4 Rf5+ 47. Kg4 Kd7 48. Bg5 Rf1 49. Rd4+ Ke8 50. Rd8+ Kf7 51. Rd7+ Kg6 52. Bf6 Rg1+ 53. Kf4 Rf1+ 54.
Ke3 Kf5 55. Rg7 Re1+ 56. Kd4 Rd1+ 57. Kc5 Ra1 58. Rg5+ Ke4 59. Kd6 Ra6+ 60. Ke7 Kd5 61. Rg1 Ra7+ 62. Kf8 Ke4 63. Re1+ Kf5 64. Be7 Rb7 65.
Kf7 Rd7 66. Ke8 Rb7 67. Bd6 Rh7 68. Rf1+ Ke4 69. Rf7 Rh8+ 70. Ke7 Kd5 71. Rg7 Ra8 72. Kd7 Ra7+ 73. Bc7 Rb7 74. Rg1 Ra7 75. Rd1+ Kc5 76. Rd6 1-0

[Event "*** Titled Tuesday 3|2 Blitz"]
[Site "Chess.com"]
[Date "2016.05.03"]
[Round "2"]
[White "Anton_Demchenko"]
[Black "Spas_Kozhuharov"]
[Result "1-0"]
[WhiteElo "2645"]
[BlackElo "2468"]
[TimeControl "180+2"]
[EndTime "11:23:50 PDT"]
[Termination "Anton_Demchenko won on time"]

1. e4 c6 2. d4 d5 3. Nd2 dxe4 4. Nxe4 Nd7 5. Nf3 Ngf6 6. Ng3 e6 7. Bd3 Bd6 8. O-O O-O 9. c4 b6 10. b3 Bb7 11. Bb2 c5 12. Re1 Qc7 13. Qe2 Rad8 14. Rad1 cxd4 15. Nxd4 Bb4 16. Rf1 Qf4 17. Bc2 Bc5 18.
a3 a5 19. Nf3 Bxf3 20. Qxf3 Qxf3 21. gxf3 Be7 22. Ne2 Nh5 23. Nd4 Bf6 24. Ba1 Ne5 25. Be4 Nf4 26. Nb5 a4 27. Bxe5 Bxe5 28. bxa4 Rc8 29.
Rfe1 f6 30. Bd3 Nxd3 31. Rxd3 Rxc4 32. Re4 Rfc8 33. Rde3 Kf7 34. Rxe5 fxe5 35. Nd6+ Kf6 36. Nxc8 Rxc8 37. Rb3 Rc6 38. Kg2 g5 39. Rb5 Kf5 40.
a5 bxa5 41. Rxa5 h5 42. h3 Rc3 43. a4 Ra3 44. Ra8 e4 45. fxe4+ Kxe4 46. a5 g4 47. hxg4 hxg4 48. a6 e5 49. a7 Ra1 50. Kg3 Rg1+ 51.
Kh4 Rh1+ 52. Kxg4 Rg1+ 53. Kh3 Ra1 54. Kg2 Ra2 55. Kg3 Ra3+ 56. Kg4 Ra5 57. f4 1-0

[Event "*** Titled Tuesday 3|2 Blitz"]
[Site "Chess.com"]
[Date "2016.05.03"]
[Round "2"]
[White "ZEN-22"]
[Black "yian123"]
[Result "0-1"]
[WhiteElo "2404"]
[BlackElo "2500"]
[TimeControl "180+2"]
[EndTime "11:23:51 PDT"]
[Termination "yian123 won by resignation"]

1. e3 d5 2. c4 c6 3. Nc3 Nf6 4. Nf3 a6 5. d4 g6 6. b3 Bg7 7. a4 O-O 8. a5 c5 9. Ba3 cxd4 10.
Nxd4 Qxa5 11. Qc1 Qd8 12. Be2 dxc4 13. bxc4 Re8 14. O-O e5 15. Nf3 Bf5 16. Rd1 Nbd7 17. Bd6 Qc8 18. Na4 Ne4 19. Bb4 Bf6 20. h3 h5 21. Rb1 Qc6 22. Ba5 Bd8 23. Be1 Nec5 24. Nc3 Bxb1 25. Qxb1 Bf6 26. Nd5 Bg7 27. Nd2 e4 28. Nb3 Nxb3 29. Qxb3 Nc5 30. Qa3 Kh7 31. Bb4 Nd3 32. Bxd3 exd3 33. Qxd3 b6 34. Bc3 Rad8 35.
Bxg7 Kxg7 36. e4 Re6 37. Qd4+ f6 38. Rb1 b5 39. c5 Rd7 40. f3 a5 41. Rc1 b4 42. g4 hxg4 43. hxg4 Re5 44. Rd1 Kf7 45. f4 Re8 46. g5 Rc8 47. Rc1 f5 48. Qe5 Re8 49. Qd4 Rxe4 50. Qh8 Qxd5 51. c6 Qd4+ 52.
Qxd4 Rexd4 53. c7 Rxc7 54. Rxc7+ Ke6 55. Rh7 Rxf4 56. Rg7 Rg4+ 57. Kf2 Rxg5 58. Ra7 f4 59. Ra6+ Kf7 60. Ra7+ Kf6 61. Kf3 Rf5 62. Ra6+ Kg5 63. Ra8 Rb5 64. Rf8 b3 65. Rxf4 Rf5 0-1